 Dungeon Crawl Stone Soup version 0.18-a0-902-g8738618 (webtiles) character file.

37 Jmtri7 the Skirmisher (level 3, -3/30 HPs)
             Began as a Formicid Skald on Dec 24, 2015.
             Slain by a worm (9 damage)
             ... on level 2 of the Dungeon.
             The game lasted 00:06:07 (1011 turns).

Jmtri7 the Skirmisher (Formicid Skald)              Turns: 1011, Time: 00:06:08

Health: -3/30      AC:  3    Str: 17    XL:     3   Next: 60%
Magic:  2/2        EV: 11    Int: 11    God:
Gold:   11         SH:  0    Dex: 10    Spells: 1 memorised, 5 levels left

rFire  . . .     SeeInvis +     l - +1 hand axe (antimagic)
rCold  . . .     Gourm    .     b - +0 leather armour
rNeg   . . .     Faith    .     (no shield)
rPois  .         Spirit   .     (helmet unavailable)
rElec  .         Dismiss  .     (no cloak)
rCorr  .         Reflect  .     (no gloves)
SustAt .         Harm     .     (no boots)
MR     .....                    (no amulet)
Stlth  +.........               (no ring)
                                (no ring)

@: starving, not resistant to hostile enchantments, very unstealthy
A: permanent stasis, dig shafts and tunnels, four strong arms, antennae 3
a: Dig, Shaft Self


You were on level 2 of the Dungeon.
You were starving.

You visited 1 branch of the dungeon, and saw 2 of its levels.

You collected 11 gold pieces.

Inventory:

Hand Weapons
 l - a +1 antimagic hand axe (weapon)
Missiles
 g - 43 stones (quivered)
Armour
 b - a +0 leather armour (worn)
Scrolls
 h - 2 scrolls of identify {unknown}
Potions
 e - a potion of resistance {unknown}
 i - a potion of might {unknown}
Books
 c - a book of Battle

   Spells                             Type                      Level
   a - Infusion                       Charms                       1
   b - Shroud of Golubria             Charms/Translocation         2
   c - Song of Sleighing              Charms                       2
   d - Spectral Weapon                Hexes/Charms                 3
   e - Regeneration                   Charms/Necromancy            3
Comestibles
 a - a beef jerky
 d - a bread ration
 f - a slice of pizza


   Skills:
 + Level 4.1 Fighting
   Level 2.0 Polearms
 - Level 1.1 Armour
 - Level 0.8 Dodging
 - Level 2.1 Spellcasting
 - Level 3.0 Charms


You had 5 spell levels left.
You knew the following spells:

 Your Spells              Type           Power        Failure   Level  Hunger
a - Infusion              Chrm           #.....       12%         1    ##.....


Dungeon Overview and Level Annotations

Branches:
Dungeon (2/15)

Altars:
Pakellas


Innate Abilities, Weirdness & Mutations

You are under a permanent stasis effect.
You can dig through walls and to a lower floor.
Your four strong arms can wield two-handed weapons with a shield.
You have a pair of large antennae on your head (SInv).


Message History

The giant cockroach bites you but does no damage.
You hit the worm.
The worm is heavily wounded.
You hit the giant cockroach but do no damage.
The giant cockroach is moderately wounded.
The giant cockroach barely misses you. The worm closely misses you.
You hit the worm.
The worm is severely wounded.
You hit the giant cockroach but do no damage.
The giant cockroach is moderately wounded.
The giant cockroach bites you.
* * * LOW HITPOINT WARNING * * *
The giant cockroach barely misses you.
You hit the worm but do no damage.
The worm is severely wounded.
You barely miss the giant cockroach.
The giant cockroach is moderately wounded.
The giant cockroach bites you but does no damage.
The worm bites you!
You die...

>,,########.# ,,** #.#
,,* #.# ,,* #.#
*,**#######.#
,,,,........##
****#######..##########
*,,,..................#
*,**#######.####@####.#
*,* #.##.ws..#*,* *,*
#.#.......#,* *,*
#.#.......#,** *,*
#....._.....,* *,*
*#.#.......#..* *,*
#..#.......#..# *,*
#.,##.?...##,.#
*,********,,****,****,,*


You could see a worm and a giant cockroach.

Vanquished Creatures
  A worm (D:2)
  3 bats (D:1)
  4 hobgoblins
  4 jackals
  3 ball pythons (D:1)
  2 giant cockroaches
  2 giant newts (D:1)
  5 goblins
  3 kobolds
  6 rats
33 creatures vanquished.

Notes
Turn   | Place    | Note
--------------------------------------------------------------
     0 | D:1      | Jmtri7 the Formicid Skald began the quest for the Orb.
     0 | D:1      | Reached XP level 1. HP: 16/16 MP: 3/3
   291 | D:1      | Reached XP level 2. HP: 10/23 MP: 1/5
   575 | D:1      | Reached XP level 3. HP: 26/29 MP: 3/6
   779 | D:1      | You fall through a shaft!
   871 | D:1      | You fall through a shaft!
   912 | D:2      | Reached skill level 4 in Fighting
   996 | D:2      | Found an oddly glowing altar of Pakellas.
  1011 | D:2      | Slain by a worm

Vault maps used:
D:1:      dpeg_arrival_simpleton_b
D:2:      old_standard_altar, first_bread

Action                   || total
-------------------------++-------
Melee: Spear             ||   100
       Hand axe          ||    30
 Cast: Infusion          ||    12
 Abil: Dig               ||     3
       Shaft Self        ||     2
  Use: Scroll            ||     4
       Potion            ||     1
